 Dungeon Crawl Stone Soup version 0.21.1-1-g345015f (webtiles) character file.

7776 kae the Martial Artist (level 11, -5/91 HPs)
             Began as a Green Draconian Transmuter on June 4, 2018.
             Was a High Priest of Okawaru.
             Killed from afar by a fire dragon (22 damage)
             ... with a blast of flame
             ... on level 9 of the Dungeon.
             The game lasted 00:10:32 (10955 turns).

kae the Martial Artist (DrTm)                      Turns: 10955, Time: 00:10:33

Health: -5/91      AC: 12    Str: 13    XL:     11   Next: 1%
Magic:  19/19      EV: 16    Int: 17    God:    Okawaru [*****.]
Gold:   451        SH:  0    Dex: 16    Spells: 10/21 levels left

rFire    . . .     SeeInvis .   s - +5 long sword "Ultimatum" {distort, Dex+2}
rCold    . . .     Gourm    .   (no shield)
rNeg     . . .     Faith    .   (armour unavailable)
rPois    +         Spirit   .   B - +0 hat {MR+}
rElec    .         Reflect  .   n - +1 cloak
rCorr    .         Harm     .   (no gloves)
MR       +....                  j - +2 pair of boots
Stlth    +.........             (no amulet)
HPRegen  0.25/turn              k - +3 ring of intelligence
MPRegen  0.16/turn              (no ring)

@: no status effects
A: breathe noxious fumes, unfitting armour, poison resistance, cold-blooded, AC
+7
a: Breathe Noxious Fumes, Heroism, Finesse, Renounce Religion


You were on level 9 of the Dungeon.
You worshipped Okawaru.
Okawaru was extremely pleased with you.
You were not hungry.

You visited 2 branches of the dungeon, and saw 10 of its levels.

You collected 451 gold pieces.

Inventory:

Hand Weapons
 s - the +5 long sword "Ultimatum" (weapon) {distort, Dex+2}
   (You found it on level 4 of the Dungeon)

   It warps and distorts space around it.
   Unwielding it can cause banishment or high damage.
   It affects your dexterity (+2).
Missiles
 a - 112 arrows
Armour
 j - a +2 pair of boots (worn)
 n - a +1 cloak (worn)
 B - a +0 hat of magic resistance (worn)
Jewellery
 k - a +3 ring of intelligence (left hand)
 t - a cursed amulet of harm {unknown}
Wands
 i - a wand of scattershot (5)
 z - a wand of acid (9)
 C - a wand of clouds (4)
Scrolls
 e - 3 scrolls of fear
 g - 2 scrolls of blinking
 h - 7 scrolls of identify
 l - a scroll of enchant weapon
 m - a scroll of remove curse
 p - 2 scrolls of fog
 r - 5 scrolls of teleportation
 w - 2 scrolls of amnesia {unknown}
 y - a scroll of immolation {unknown}
 E - a scroll of magic mapping
Potions
 d - a potion of haste
 f - a potion of might
 o - 3 potions of curing
 q - a potion of lignification
 u - a potion of berserk rage
 v - a potion of flight {unknown}
 x - 2 potions of brilliance {unknown}
 D - a potion of ambrosia {unknown}
Books
 b - a book of Changes

   Spells                             Type                      Level
   a - Beastly Appendage              Transmutation                1
   b - Sticks to Snakes               Transmutation                2
   c - Spider Form                    Transmutation/Poison         3
   d - Ice Form                       Ice/Transmutation            4
   e - Blade Hands                    Transmutation                5
 A - a book of Conjurations

   Spells                             Type                      Level
   a - Magic Dart                     Conjuration                  1
   b - Searing Ray                    Conjuration                  2
   c - Dazzling Spray                 Conjuration/Hexes            3
   d - Fulminant Prism                Conjuration/Hexes            4
   e - Force Lance                    Conjuration/Translocation    4
   f - Iskenderun's Mystic Blast      Conjuration                  4
Comestibles
 c - 14 rations
 F - a chunk of flesh


   Skills:
 + Level 6.7 Fighting
 + Level 5.8 Dodging
 * Level 9.3 Unarmed Combat
 + Level 5.8 Spellcasting
 * Level 8.9 Transmutations
 + Level 5.6 Invocations


You had 10 spell levels left.
You knew the following spells:

 Your Spells              Type           Power        Failure   Level  Hunger
a - Beastly Appendage     Tmut           #####.       1%          1    None
b - Sticks to Snakes      Tmut           #####...     1%          2    None
c - Spider Form           Tmut/Pois      ###.......   6%          3    ##.....
d - Blade Hands           Tmut           #####.....   9%          5    #####..


Dungeon Overview and Level Annotations

Branches:
Dungeon (9/15)             Temple (1/1) D:5            Lair (0/6) D:9
    Orc: D:9-12

Altars:
Ashenzari
Cheibriados
Dithmenos
Elyvilon
Fedhas
Gozag
Hepliaklqana
Kikubaaqudgha
Makhleb
Nemelex Xobeh
Okawaru
Qazlal
Ru
Sif Muna
Trog
Uskayaw
Vehumet
Wu Jian
Xom
Yredelemnul
Zin
The Shining One

Annotations:
D:3 SockSock's ghost, amateur DsBe
Abyss:1 Dowan


Innate Abilities, Weirdness & Mutations

You can breathe blasts of noxious fumes.
Your lurid green scales are hard. (AC +7)
You cannot fit into any form of body armour.
Your system is resistant to poisons. (rPois)
You are cold-blooded and may be slowed by cold attacks.


Message History

* * * LOW HITPOINT WARNING * * *
You stumble backwards!
You hit the fire dragon.
Space warps horribly around the fire dragon!
You tail-slap the fire dragon, but do no damage.
The fire dragon is moderately wounded.
The fire dragon bites you.
* * * LOW HITPOINT WARNING * * *
The fire dragon claws you but does no damage.
The fire dragon closely misses you.
You feel better.
The fire dragon bites you but does no damage.
The fire dragon barely misses you. The fire dragon tramples you.
* * * LOW HITPOINT WARNING * * *
You stumble backwards!
You completely miss the fire dragon.
The fire dragon is moderately wounded.
The fire dragon breathes flames at you. The blast of flame hits you!
You die...

.......#.. ....
.......#....
#.......
.......#....
#.......
.......#.... #...?..
.......# ... #....#
###....####'###....#
..')...............#
..#................#
###............D@..#
...................#
.............(...###
.........####(#..#
.........#...(#..##
.........'....#...#
.........#....#...#
..†......#....#...#
.........######...#


You could see a fire dragon.

Vanquished Creatures
  3 two-headed ogres
  The ghost of kae the Grappler, a novice DrTm of Ru (D:7)
  Pikel (D:9)
  The ghost of diana the Slasher, a novice MiFi of Ru (D:5)
  A gargoyle (D:9)
  Grinder (D:6)
  A vampire (D:9)
  Eustachio (D:4)
  3 porcupines (D:9)
  Duvessa (D:7)
  2 orc warriors (D:9)
  3 sky beasts
  An ogre (D:7)
  3 black bears (D:9)
  4 slaves
  A phantom (D:4)
  3 centaurs
  3 bullfrogs
  2 scorpions
  5 killer bees (D:7)
  5 crimson imps
  6 jellies
  3 hounds
  7 orc wizards
  4 orc priests
  A bullfrog zombie (D:5)
  An iguana (D:4)
  7 worker ants
  A killer bee zombie (D:5)
  A hound skeleton (D:6)
  A worker ant zombie (D:8)
  4 gnolls (D:5)
  12 adders
  8 oozes
  2 adder skeletons
  5 worms
  11 leopard geckos
  39 orcs
  9 bats
  6 giant cockroaches
  12 goblins
  7 hobgoblins
  9 jackals
  2 quokkas
  2 ball pythons
  7 frilled lizards
  13 kobolds
  A leopard gecko skeleton (D:4)
  A quokka skeleton (D:4)
  A quokka zombie (D:6)
  4 rats
233 creatures vanquished.

Vanquished Creatures (collateral kills)
  A ball python (D:3)
  A frilled lizard (D:4)
  3 kobolds (D:3)
  A rat (D:3)
6 creatures vanquished.

Vanquished Creatures (others)
  An ogre (D:5)
  A bullfrog (D:8)
  A wyvern skeleton (D:7)
  2 scorpions
  A crimson imp (D:5)
  A centaur skeleton (D:6)
  2 worker ants
  2 orcs (D:5)
  25 fungi
  4 plants (D:9)
  7 toadstools (D:3)
47 creatures vanquished.

Grand Total: 286 creatures vanquished

Notes
Turn   | Place    | Note
-------+----------+-------------------------------------------
     0 | D:1      | kae the Draconian Transmuter began the quest for the Orb.
     0 | D:1      | Reached XP level 1. HP: 16/16 MP: 3/3
   245 | D:1      | Reached XP level 2. HP: 18/23 MP: 5/5
   956 | D:2      | Learned a level 2 spell: Sticks to Snakes
  1079 | D:2      | Reached XP level 3. HP: 24/28 MP: 6/6
  1817 | D:3      | Noticed SockSock's ghost (amateur DsBe)
  2066 | D:3      | Reached XP level 4. HP: 33/36 MP: 4/7
  2132 | D:3      | Found a glowing golden altar of the Shining One.
  2994 | D:3      | Learned a level 3 spell: Spider Form
  3362 | D:3      | Reached skill level 4 in Unarmed Combat
  3674 | D:3      | Reached XP level 5. HP: 21/41 MP: 4/8
  4024 | D:4      | Got a crystal long sword
  4025 | D:4      | Identified the +5 long sword "Ultimatum" {distort, Dex+2} (You found it on level 4 of the Dungeon)
  4049 | D:4      | Found a shimmering altar of Xom.
  4050 | D:4      | Found a shimmering altar of Xom.
  4090 | D:4      | Noticed a phantom
  4116 | D:4      | Killed a phantom
  4116 | D:4      | Reached XP level 6. HP: 41/50 MP: 10/10
  4318 | D:4      | Found a shimmering altar of Xom.
  4339 | D:4      | Noticed Eustachio
  4535 | D:4      | Killed Eustachio
  4535 | D:4      | Reached skill level 5 in Unarmed Combat
  4535 | D:4      | Your scales start taking on a lurid green colour.
  4535 | D:4      | Reached XP level 7. HP: 49/57 MP: 11/11
  4535 | D:4      | Gained mutation: Your system is resistant to poisons. (rPois) [Green Draconian growth]
  4585 | D:4      | Found a glowing silver altar of Zin.
  4587 | D:4      | Found a burning altar of Makhleb.
  4590 | D:4      | Found a white marble altar of Elyvilon.
  4924 | D:5      | Entered Level 5 of the Dungeon
  4931 | D:5      | Noticed diana's ghost (novice MiFi)
  4947 | D:5      | Found a shattered altar of Ashenzari.
  5238 | D:5      | Found a staircase to the Ecumenical Temple.
  5327 | Temple   | Entered the Ecumenical Temple
  5500 | Temple   | Became a worshipper of Warmaster Okawaru
  5856 | D:5      | Reached skill level 5 in Transmutations
  5856 | D:5      | Reached skill level 1 in Invocations
  5979 | D:5      | Reached XP level 8. HP: 64/66 MP: 13/13
  6495 | D:5      | Killed diana's ghost
  6495 | D:5      | Reached * piety under Okawaru
  6495 | D:5      | Reached skill level 6 in Unarmed Combat
  6756 | D:6      | Noticed Grinder
  6764 | D:6      | Killed Grinder
  7597 | D:7      | Reached XP level 9. HP: 27/72 MP: 12/15
  7885 | D:7      | Noticed Dowan
  7887 | D:7      | Noticed Duvessa
  7892 | D:7      | Banished Dowan
  8235 | D:7      | Noticed kae's ghost (novice DrTm)
  8244 | D:7      | Killed Duvessa
  8244 | D:7      | Reached ** piety under Okawaru
  8244 | D:7      | Reached skill level 7 in Unarmed Combat
  8311 | D:7      | Killed kae's ghost
  8311 | D:7      | Reached skill level 5 in Fighting
  8718 | D:7      | Reached *** piety under Okawaru
  8915 | D:8      | Learned a level 5 spell: Blade Hands
  9098 | D:8      | Found a shadowy altar of Dithmenos.
  9099 | D:8      | Noticed a two-headed ogre
  9101 | D:8      | Noticed a two-headed ogre
  9106 | D:8      | Killed a two-headed ogre
  9106 | D:8      | Reached **** piety under Okawaru
  9106 | D:8      | Reached skill level 5 in Dodging
  9106 | D:8      | Reached skill level 8 in Unarmed Combat
  9106 | D:8      | Reached skill level 5 in Spellcasting
  9106 | D:8      | Reached XP level 10. HP: 51/83 MP: 6/17
  9112 | D:8      | Killed a two-headed ogre
  9539 | D:9      | Noticed Pikel
  9912 | D:9      | Noticed a gargoyle
 10039 | D:9      | Killed a gargoyle
 10039 | D:9      | Reached ***** piety under Okawaru
 10057 | D:9      | Killed Pikel
 10057 | D:9      | Reached skill level 5 in Invocations
 10319 | D:9      | Found a staircase to the Lair.
 10363 | D:9      | Noticed a two-headed ogre
 10370 | D:9      | Killed a two-headed ogre
 10370 | D:9      | Received a gift from Okawaru
 10370 | D:9      | Reached skill level 9 in Unarmed Combat
 10854 | D:9      | Reached XP level 11. HP: 90/91 MP: 19/19
 10911 | D:9      | Noticed a fire dragon
 10955 | D:9      | Killed from afar by a fire dragon

Skill      XL: |  1  2  3  4  5  6  7  8  9 10 |
---------------+-------------------------------+-----
Dodging        | 2 3 4 5 |  5.8
Fighting       | 2 3 4 5 6 |  6.7
Transmutations | 3 4 5 6 7 8 |  8.9
Unarmed Combat | 4 5 6 8 9 |  9.3
Spellcasting   | 3 4 5 |  5.8
Invocations    | 1 2 4 5 |  5.6

Action                   |  1- 3 |  4- 6 |  7- 9 | 10-12 || total
-------------------------+-------+-------+-------+-------++-------
Melee: Unarmed           |   175 |   103 |    23 |    44 ||   345
       Kick              |     1 |       |       |       ||     1
       Tailslap          |    10 |    16 |    35 |    20 ||    81
       Headbutt          |     8 |       |     7 |       ||    15
       Punch             |     2 |     4 |     7 |     3 ||    16
       Long sword        |       |    68 |   226 |    97 ||   391
 Cast: Beastly Appendage |    16 |       |     6 |       ||    22
       Sticks to Snakes  |     1 |     6 |     9 |     1 ||    17
       Spider Form       |       |     3 |     1 |       ||     4
       Blade Hands       |       |       |     2 |     5 ||     7
 Abil: Breathe Noxious F |       |       |     1 |       ||     1
  Use: Scroll            |       |       |    17 |       ||    17
       Potion            |       |       |     4 |     1 ||     5
 Stab: Sleeping          |     2 |     2 |     2 |       ||     6
       Distracted        |       |     1 |     1 |     1 ||     3
       Confused          |       |       |     1 |       ||     1
  Eat: Chunk             |     3 |     3 |    10 |     8 ||    24
       Ration            |       |     2 |     2 |       ||     4
Armor: Skin              |    78 |    84 |    99 |    59 ||   320
Dodge: Dodged            |   139 |   152 |   228 |   106 ||   625
       Rpst.: Long sword |       |    20 |    55 |    20 ||    95
